 Dungeon Crawl Stone Soup version 0.21.1-1-g345015f (webtiles) character file.

6857 letownia2 the Destroyer (level 11, -3/65 HPs)
             Began as a Gargoyle Venom Mage on Feb 13, 2018.
             Was a Believer of Vehumet.
             Slain by a spiny frog (18 damage)
             ... on level 2 of the Lair of Beasts.
             The game lasted 00:24:08 (3340 turns).

letownia2 the Destroyer (Gargoyle Venom Mage)       Turns: 3340, Time: 00:24:09

Health: -3/65      AC: 14    Str: 12    XL:     11   Next: 6%
Magic:  11/19      EV: 11    Int: 19    God:    Vehumet [**....]
Gold:   364        SH:  0    Dex: 10    Spells: 8/21 levels left

rFire    . . .     SeeInvis .   z - +6 whip "Osaz" {vamp, rElec rPois}
rCold    . . .     Gourm    .   (no shield)
rNeg     + . .     Faith    .   o - +0 leather armour
rPois    ∞         Spirit   .   (no helmet)
rElec    +         Reflect  .   y - +1 cloak {+Inv}
rCorr    .         Harm     +   N - +0 pair of gloves
MR       .....                  (no boots)
Stlth    ++........             I - amulet of harm
HPRegen  0.20/turn              w - ring of wizardry
MPRegen  0.16/turn              (no ring)

@: no status effects
A: negative energy resistance 1, electricity resistance, unbreathing,
petrification resistance, rot immunity, AC +8
a: Renounce Religion, Evoke Invisibility


You were on level 2 of the Lair of Beasts.
You worshipped Vehumet.
Vehumet was pleased with you.
You were hungry.

You visited 3 branches of the dungeon, and saw 11 of its levels.

You collected 364 gold pieces.

Inventory:

Hand Weapons
 a - a +1 dagger of draining
 b - a +2 dagger of freezing
 m - a +2 quarterstaff of chaos
 z - the +6 whip "Osaz" (weapon) {vamp, rElec rPois}
   (You found it on level 4 of the Dungeon)

   It inflicts no extra harm, but heals its wielder when it wounds a living foe.
   It insulates you from electricity.
   It protects you from poison.
 B - a +0 flail of draining
 G - a +0 shortbow
 M - the +7 falchion of Koen {venom, MR+, unknown}
   (You found it on level 6 of the Dungeon)

   It poisons the flesh of those it strikes.
   It affects your resistance to hostile enchantments.
Missiles
 j - 8 tomahawks (quivered)
 n - 56 bolts
 v - a throwing net
 H - 38 arrows
Armour
 o - a +0 leather armour (worn)
 u - a cursed -1 chain mail
 y - a +1 cloak of invisibility (worn)
 D - a scarf of cloud immunity
 N - a +0 pair of gloves (worn)
Magical Staves
 Q - an uncursed staff of air {unknown}
Jewellery
 w - a ring of wizardry (left hand)
 I - an amulet of harm (around neck)
Wands
 A - a wand of flame (43)
 E - a wand of acid (4)
 J - a wand of polymorph (7)
 R - a wand of paralysis (10)
Scrolls
 g - a scroll of remove curse
 k - 2 scrolls of enchant armour {unknown}
 p - a scroll of fear {unknown}
 q - 5 scrolls of identify {unknown}
 s - 4 scrolls of teleportation {unknown}
 t - 3 scrolls of random uselessness {unknown}
 x - 2 scrolls of amnesia {unknown}
 C - a scroll of magic mapping {unknown}
 O - a scroll of blinking {unknown}
 P - a scroll of acquirement {unknown}
Potions
 d - a potion of might {unknown}
 e - a potion of heal wounds {unknown}
 f - a potion of flight {unknown}
 i - a potion of resistance {unknown}
 l - 2 potions of magic {unknown}
 F - a potion of curing {unknown}
 K - a potion of haste {unknown}
 L - a potion of brilliance {unknown}
 S - a potion of berserk rage {unknown}
 T - a potion of degeneration {unknown}
Books
 r - a Young Poisoner's Handbook

   Spells                             Type                      Level
   a - Sting                          Conjuration/Poison           1
   b - Poisonous Vapours              Poison/Air                   2
   c - Mephitic Cloud                 Conjuration/Poison/Air       3
   d - Olgreb's Toxic Radiance        Poison                       4
   e - Venom Bolt                     Conjuration/Poison           5
Comestibles
 c - 6 rations
 h - 6 chunks of flesh


   Skills:
 - Level 6.3 Fighting
 - Level 1.5 Dodging
 - Level 2.1 Stealth
 - Level 5.7 Spellcasting
 + Level 13.9 Conjurations
 - Level 2.0 Ice Magic
 - Level 3.0 Air Magic
 - Level 4.0 Poison Magic


You had 8 spell levels left.
You knew the following spells:

 Your Spells              Type           Power        Failure   Level  Hunger
a - Sting                 Conj/Pois      ####         1%          1    None
d - Throw Frost           Conj/Ice       #####.       1%          2    None
e - Mephitic Cloud        Conj/Pois/Air  ####....     1%          3    ##.....
l - Venom Bolt            Conj/Pois      #####.....   4%          5    #####..
v - Poisonous Vapours     Pois/Air       ###...       2%          2    None


Dungeon Overview and Level Annotations

Branches:
Dungeon (8/15)             Temple (1/1) D:5            Lair (2/6) D:8
  Swamp: Lair:2-4    Shoals: Lair:2-4     Snake: Lair:2-4    Spider: Lair:2-4

Altars:
Ashenzari
Nemelex Xobeh
Qazlal
Sif Muna
Vehumet
Xom
Yredelemnul
Zin

Annotations:
D:8 ceb's ghost, novice HOFi


Innate Abilities, Weirdness & Mutations

You are resistant to torment.
Your stone body is resilient. (AC +8)
You are immune to poison.
You resist negative energy. (rN+)
You are resistant to electric shocks. (rElec)
You can survive without breathing.
You are immune to petrification.
You are immune to rotting.


Message History

Confirm with . or Enter, or press ? or * to list all spells.
Aiming: Throw Frost
Press: ? - help, Shift-Dir - straight line, f/p - spiny frog
Aim: a spiny frog (severely wounded)
The puff of frost hits the spiny frog.
The spiny frog is almost dead.
The spiny frog stings you.
* * * LOW HITPOINT WARNING * * *
Unknown command.
Unknown command.
Unknown command.
Casting: Throw Frost
Confirm with . or Enter, or press ? or * to list all spells.
Aiming: Throw Frost
Press: ? - help, Shift-Dir - straight line, f/p - spiny frog
Aim: a spiny frog (almost dead)
The puff of frost misses the spiny frog.
You are feeling hungry.
The spiny frog stings you!
You die...

.....####.#
#.######..#.......#..
......# ## #.#
###........#P. .....P#
..# #...........
.....## . ##..
##.......... ........
.. ..# ##..........
#P#####.......#
#P.......... ### .....
####P..........
.....#####P###.........
......F@...............
............#P.##.#....
.....#+#.####PP# #.....
.... #... #### #..##
... ...... ..P ### #.
.. ........# .#
#..###.... ......8...
......... .###.......
......... #.#....


You could see a spiny frog.

Vanquished Creatures
  A hydra (Lair:2)
  A two-headed ogre (D:8)
  Pikel (D:4)
  A torpor snail (Lair:2)
  A komodo dragon (Lair:2)
  A troll (D:8)
  The ghost of letownia2 the Ducker, an amateur MfVM (D:4)
  3 dream sheep (Lair:2)
  A hippogriff (D:7)
  Edmund (D:4)
  2 water moccasins
  3 porcupines
  2 orc warriors
  A slave (D:4)
  2 ice beasts
  A phantom (D:8)
  3 sky beasts
  6 wolves
  3 centaurs
  2 bullfrogs
  A wyvern skeleton (D:8)
  2 scorpions
  4 howler monkeys
  4 electric eels (D:8)
  2 crimson imps (D:5)
  A jelly (D:7)
  8 hounds
  Crazy Yiuf (D:4)
  5 orc priests
  4 orc wizards
  2 worker ants
  7 adders
  A shadow imp (D:5)
  An adder zombie (D:5)
  3 dart slugs
  A leopard gecko (D:6)
  12 orcs
  4 ball pythons
  2 bats (D:3)
  A giant cockroach (D:4)
  A hobgoblin (D:3)
  6 jackals
  6 kobolds
  2 quokkas
  3 frilled lizards
  6 goblins (D:3)
  A jackal zombie (D:8)
  4 rats
132 creatures vanquished.

Notes
Turn   | Place    | Note
-------+----------+-------------------------------------------
     0 | D:1      | letownia2 the Gargoyle Venom Mage began the quest for the Orb.
     0 | D:1      | Reached XP level 1. HP: 10/10 MP: 3/3
   182 | D:2      | Reached skill level 2 in Conjurations
   182 | D:2      | Reached XP level 2. HP: 6/15 MP: 0/5
   331 | D:3      | Reached skill level 3 in Conjurations
   335 | D:3      | Learned a level 2 spell: Poisonous Vapours
   345 | D:3      | Reached XP level 3. HP: 14/19 MP: 1/6
   453 | D:3      | Learned a level 3 spell: Mephitic Cloud
   471 | D:4      | Noticed letownia2's ghost (amateur MfVM)
   723 | D:4      | Reached XP level 4. HP: 19/24 MP: 5/7
   746 | D:4      | Reached skill level 1 in Fighting
   761 | D:4      | Noticed an ogre
   823 | D:4      | Killed letownia2's ghost
   823 | D:4      | Reached skill level 4 in Conjurations
   823 | D:4      | Reached skill level 1 in Air Magic
   823 | D:4      | Reached XP level 5. HP: 24/30 MP: 7/9
   823 | D:4      | Reached XP level 6. HP: 28/35 MP: 7/10
   981 | D:4      | Noticed a slave
   981 | D:4      | Noticed a slave
   982 | D:4      | Noticed Pikel
  1015 | D:4      | Noticed a slave
  1035 | D:4      | Killed Pikel
  1035 | D:4      | Reached skill level 5 in Conjurations
  1035 | D:4      | Reached XP level 7. HP: 38/43 MP: 1/13
  1035 | D:4      | Reached XP level 8. HP: 42/48 MP: 1/14
  1195 | D:4      | Found a runed door.
  1199 | D:4      | Noticed Crazy Yiuf
  1208 | D:4      | Killed Crazy Yiuf
  1261 | D:4      | Got a pitted whip
  1286 | D:4      | Identified the +6 whip "Osaz" {vamp, rElec rPois} (You found it on level 4 of the Dungeon)
  1308 | D:4      | Noticed Edmund
  1328 | D:4      | Killed Edmund
  1455 | D:5      | Entered Level 5 of the Dungeon
  1509 | D:5      | Reached skill level 5 in Fighting
  1575 | D:5      | Found a staircase to the Ecumenical Temple.
  1582 | Temple   | Entered the Ecumenical Temple
  1607 | Temple   | Became a worshipper of Vehumet
  1678 | D:5      | Reached skill level 5 in Spellcasting
  1841 | D:6      | Got a fine falchion
  1906 | D:6      | Learned a level 5 spell: Venom Bolt
  1953 | D:6      | Reached XP level 9. HP: 55/56 MP: 15/17
  1981 | D:6      | Reached skill level 6 in Conjurations
  2137 | D:7      | Reached skill level 7 in Conjurations
  2142 | D:7      | Reached * piety under Vehumet
  2142 | D:7      | Offered knowledge of Shock by Vehumet.
  2190 | D:7      | Reached skill level 8 in Conjurations
  2406 | D:8      | Noticed ceb's ghost (novice HOFi)
  2442 | D:8      | Reached skill level 9 in Conjurations
  2669 | D:8      | Reached skill level 10 in Conjurations
  2695 | D:8      | Reached ** piety under Vehumet
  2699 | D:8      | Offered knowledge of Throw Frost by Vehumet.
  2716 | D:8      | Noticed a two-headed ogre
  2723 | D:8      | Noticed a troll
  2729 | D:8      | Killed a two-headed ogre
  2729 | D:8      | Reached skill level 11 in Conjurations
  2729 | D:8      | Reached XP level 10. HP: 40/61 MP: 6/18
  2822 | D:8      | Found a staircase to the Lair.
  2835 | D:8      | Learned a level 2 spell: Throw Frost
  2855 | Lair:1   | Entered Level 1 of the Lair of Beasts
  2915 | Lair:1   | Reached skill level 12 in Conjurations
  2915 | Lair:1   | Reached skill level 1 in Ice Magic
  2984 | Lair:1   | Noticed a spiny frog
  3062 | Lair:2   | Noticed an eight-headed hydra
  3074 | Lair:2   | Killed an eight-headed hydra
  3135 | Lair:2   | Noticed a torpor snail
  3154 | Lair:2   | Killed a torpor snail
  3154 | Lair:2   | Reached skill level 13 in Conjurations
  3194 | Lair:2   | Reached XP level 11. HP: 31/65 MP: 3/19
  3340 | Lair:2   | Slain by a spiny frog

Skill      XL: |  1  2  3  4  5  6  7  8  9 10 |
---------------+-------------------------------+-----
Conjurations   | 2 3 4 5 11 13 | 13.9
Fighting       | 2 4 6 |  6.3
Air Magic      | 1 3 |  3.0
Spellcasting   | 4 5 |  5.7
Poison Magic   | 4 |  4.0
Ice Magic      | 2 |  2.0
Dodging        | |  1.5
Stealth        | |  2.1

Action                   |  1- 3 |  4- 6 |  7- 9 | 10-12 || total
-------------------------+-------+-------+-------+-------++-------
Melee: Unarmed           |    20 |       |       |       ||    20
       Dagger            |    29 |    25 |    18 |       ||    72
       Whip              |       |       |   227 |    58 ||   285
Throw: Tomahawk          |     2 |     1 |       |       ||     3
 Cast: Sting             |    40 |     5 |     3 |       ||    48
       Poisonous Vapours |     1 |     9 |    72 |    36 ||   118
       Mephitic Cloud    |       |     1 |     7 |     5 ||    13
       Throw Frost       |       |       |       |    14 ||    14
Evoke: Wand              |       |     6 |    14 |     9 ||    29
  Use: Scroll            |       |       |     1 |       ||     1
 Stab: Sleeping          |     1 |       |       |       ||     1
       Confused          |       |     2 |     3 |     2 ||     7
       Paralysed         |       |       |       |     9 ||     9
  Eat: Chunk             |       |     1 |     5 |     2 ||     8
       Ration            |       |       |     2 |       ||     2
Armor: Robe              |    14 |       |       |       ||    14
       Leather armour    |     7 |     8 |   129 |    38 ||   182
Dodge: Dodged            |    37 |    11 |   157 |    60 ||   265
